 Seeded DCSS version 0.27-a0-1193-g8631133539 (webtiles) character file.

Game seed: 13914059042498094423 (custom seed)

151 karrick the Sneak (level 5, -4/36 HPs)
             Began as a Vampire Enchanter on May 27, 2021.
             Slain by a sky beast (5 damage)
             ... on level 6 of the Dungeon.
             The game lasted 00:05:12 (3370 turns).

karrick the Sneak (Vampire Enchanter)               Turns: 3370, Time: 00:05:12

Health: -4/36      AC:  2    Str:  8    XL:     5   Next: 11%
Magic:  1/8        EV: 12    Int: 17    God:
Gold:   111        SH:  0    Dex: 15    Spells: 4/8 levels left

rFire    . . .     SeeInvis +   c - +1 dagger (freeze)
rCold    . . .     Faith    .   (no shield)
rNeg     . . .     Spirit   .   b - +0 robe
rPois    .         Reflect  .   (no helmet)
rElec    .         Harm     .   (no cloak)
rCorr    .         Rampage  .   (no gloves)
Will     .....                  (no boots)
Stlth    +++.......             (no amulet)
HPRegen  0.32/turn              (no ring)
MPRegen  0.11/turn              (no ring)

@: confusing by touch, healing quickly
A: alive, fangs 3, see invisible, vampiric 2
a: Exsanguinate


You were on level 6 of the Dungeon.
You visited 1 branch of the dungeon, and saw 6 of its levels.

You collected 111 gold pieces.

Inventory:

Hand Weapons
 c - a +1 dagger of freezing (weapon)
Armour
 b - a +0 robe (worn)
Scrolls
 f - 2 scrolls of fear {unknown}
 g - 4 scrolls of teleportation {unknown}
 i - a scroll of noise {unknown}
 l - a scroll of identify {unknown}
Potions
 a - a potion of attraction {unknown}
 d - a potion of curing {unknown}
 e - a potion of resistance {unknown}
 h - a potion of mutation {unknown}
 j - a potion of magic {unknown}
 k - a potion of cancellation {unknown}


   Skills:
 + Level 0.4 Fighting
 + Level 2.0 Short Blades
 + Level 2.4 Dodging
 * Level 6.7 Stealth
 + Level 2.2 Spellcasting
 * Level 6.0 Hexes


You had 4 spell levels left.
You knew the following spells:

 Your Spells              Type           Power      Damage    Failure   Level
a - Corona                Hex            24%        N/A       1%          1
b - Confusing Touch       Hex            22%        N/A       4%          3

Your spell library contained the following spells:

 Spells                   Type           Power      Damage    Failure   Level
 Tukima's Dance           Hex            22%        N/A       4%          3
 Ensorcelled Hibernation  Hex/Ice        24%        N/A       9%          2
 Dazzling Flash           Conj/Hex       24%        N/A       16%         3
 Magic Dart               Conj           4%         1d3       19%         1
 Searing Ray              Conj           2%         3d3       28%         2
 Fulminant Prism          Conj/Hex       6%         3d7       47%         4
 Gell's Gravitas          Tloc           0%         N/A       50%         3
 Iskenderun's Mystic Bla  Conj/Tloc      1%         2d3       88%         4
 Petrify                  Tmut/Erth      1%         N/A       88%         4
 Metabolic Englaciation   Hex/Ice        6%         N/A       83%         5
 Yara's Violent Unravell  Hex/Tmut       6%         3d5       83%         5


Dungeon Overview and Level Annotations

Branches:
Dungeon (6/15)
 Temple: D:4-7

Altars:
Dithmenos
Fedhas
Wu Jian
Beogh

Shops:
D:4 [

Annotations:
D:3 3 runed translucent doors, PewDiePie's ghost, amateur MiAK
D:4 Dowan; Duvessa
D:5 Edmund


Innate Abilities, Weirdness & Mutations

Your natural rate of healing is accelerated.
You have razor-sharp teeth.
You have supernaturally acute eyesight. (SInv)
You are afflicted with vampirism and can become a bat while bloodless.


Message History

Confirm with . or Enter, or press ? or * to list all spells.
Your hands begin to glow red.
The killer bee zombie barely misses you. x2
You hit the killer bee zombie but do no damage.
The killer bee zombie appears confused.
The killer bee zombie flutters around in erratic circles.
The killer bee zombie hits you. The killer bee zombie misses you.
You hit the killer bee zombie. You bite the killer bee zombie.
The killer bee zombie is lightly damaged.
The killer bee zombie hits you.
You hit the killer bee zombie. You bite the killer bee zombie.
The killer bee zombie is moderately damaged.
The killer bee zombie completely misses you.
The killer bee zombie hits you.
You are too injured to fight recklessly!
You are too injured to fight recklessly!
You hit the killer bee zombie but do no damage.
You bite the killer bee zombie.
The killer bee zombie is moderately damaged.
The killer bee zombie hits you.
You hit the killer bee zombie.
The killer bee zombie is heavily damaged.
The killer bee zombie completely misses you.
You catch the helpless killer bee zombie completely off-guard!
You impale the killer bee zombie!! You freeze the killer bee zombie.
You destroy the killer bee zombie!
Your Short Blades skill increases to level 2!
Your Hexes skill increases to level 6!
You have reached level 5!
You feel agile.
Casting: Confusing Touch (dangerous; 4% risk of failure)
Confirm with . or Enter, or press ? or * to list all spells.
Your hands begin to glow red.
The sky beast hits you.
* * * LOW HITPOINT WARNING * * *
The sky beast shocks you.
* * * LOW HITPOINT WARNING * * *
You hit the sky beast but do no damage. The sky beast hits you.
* * * LOW HITPOINT WARNING * * *
The sky beast shocks you.
You die...

#..# #..# #..#
#..# #..# #..#
#..#
#..#####.##..
#...Y@.......
#.######.##..
#.#
....Z..........
...............
....#...#...#..
.## .###Y.#..#
#. .#...# . .
.!.+


You could see a sky beast.

Vanquished Creatures
  A bullfrog skeleton (D:5)
  A killer bee zombie (D:6)
  An adder (D:3)
  3 worms (D:2)
  2 dart slugs
  5 orcs
  5 bats
  4 endoplasms
  4 giant cockroaches (D:1)
  5 goblins
  5 hobgoblins
  6 jackals
  4 quokkas
  3 ball pythons
  4 frilled lizards
  6 kobolds
  18 rats
77 creatures vanquished.

Notes
Turn   | Place    | Note
-------+----------+-------------------------------------------
     0 | D:1      | karrick the Vampire Enchanter began the quest for the Orb.
     0 | D:1      | Reached XP level 1. HP: 13/13 MP: 3/3
   113 | D:1      | Found a faded altar of an unknown god.
   182 | D:1      | Reached skill level 5 in Hexes
   199 | D:1      | Reached XP level 2. HP: 12/19 MP: 5/5
   612 | D:1      | Reached skill level 5 in Stealth
   879 | D:2      | Gained mutation: You are afflicted with vampirism and can
                  | become a bat while bloodless. [Vampire growth]
   879 | D:2      | Reached XP level 3. HP: 24/24 MP: 6/6
   960 | D:2      | Found a shadowy altar of Dithmenos.
  1115 | D:1      | Learned a level 3 spell: Confusing Touch
  1915 | D:3      | Reached XP level 4. HP: 30/30 MP: 7/7
  2204 | D:3      | Found a runed translucent gate.
  2205 | D:3      | Found a runed translucent gate.
  2206 | D:3      | Found a runed translucent gate.
  2207 | D:3      | Noticed PewDiePie's ghost (amateur MiAK)
  2207 | D:3      | Identified the +5 whip of the People {flame, rF+ rC++
                  | Int+3}
  2207 | D:3      | Identified the +4 scale mail "Toyxac Tasil" {rElec rPois
                  | rF- rC+++ Dex-5}
  2831 | D:4      | Found an ornate altar of the Wu Jian Council.
  2831 | D:4      | Found a shadowy altar of Dithmenos.
  2841 | D:4      | Found a blossoming altar of Fedhas.
  2933 | D:4      | Found Jiwk's Armour Emporium.
  3135 | D:4      | Noticed Duvessa
  3135 | D:4      | Noticed Dowan
  3151 | D:5      | Entered Level 5 of the Dungeon
  3332 | D:5      | Noticed Edmund
  3355 | D:6      | Noticed a sky beast
  3369 | D:6      | Reached XP level 5. HP: 13/36 MP: 4/8
  3370 | D:6      | HP: 1/36 [sky beast (2)]
  3370 | D:6      | Slain by a sky beast

Illustrated notes

Levels and vault maps discovered:
D:1:      dpeg_arrival_castle, layout_basic, chequers_ecumenical_altar_simple
D:2:      layout_rooms, basic_altar, minmay_rat_gold_closets
D:3:      layout_basic, biasface_ghost_orc_armoury
D:4:      layout_cave_pools, grunt_temple_overflow_open, jmf_multi_god_temple2,
          makhleb_heckhound_becter, serial_shops, nicolae_shop_waterfront,
          uniq_duvessa
D:5:      layout_layer_cave, minmay_temple_entry_waves, uniq_grinder,
          uniq_edmund
D:6:      layout_loops_ring, enter_ossuary_5, minmay_fractal_squares_diagonal_5

Skill      XL: |  1  2  3  4 |
---------------+-------------+-----
Hexes          | 5 6 |  6.0
Stealth        | 5 6 |  6.7
Short Blades   | 2 |  2.0
Fighting       | |  0.4
Dodging        | |  2.4
Spellcasting   | |  2.2

Action                   |  1- 3 |  4- 6 || total
-------------------------+-------+-------++-------
Melee: Dagger            |   195 |    84 ||   279
       Bite              |    15 |     8 ||    23
 Cast: Confusing Touch   |     5 |    11 ||    16
 Stab: Sleeping          |    18 |     5 ||    23
       Confused          |     3 |     6 ||     9
Armor: Robe              |    25 |    11 ||    36
Dodge: Dodged            |    91 |    46 ||   137

Table legend: (Time is in decaauts)
 A = Elapsed time spent in this place.
 B = Non-inter-level travel time spent in this place.
 C = Inter-level travel time spent in this place.
 D = Time resting spent in this place.
 E = Time spent auto-exploring this place.
 F = Levels seen in this place.
 G = Mean time per level.
                   A        B        C        D        E       F      G
               +--------+--------+--------+--------+--------+-----+--------+
         Total |   3359 |   3183 |    176 |     66 |   2408 |   6 |  559.8 |
       Dungeon |   3359 |   3183 |    176 |     66 |   2408 |   6 |  559.8 |
               +--------+--------+--------+--------+--------+-----+--------+

Top non-repeatable levels by time:
     D:3: 1404 daAuts
     D:1: 912 daAuts
     D:2: 636 daAuts
     D:4: 190 daAuts
     D:5: 187 daAuts
     D:6: 28 daAuts
